Map: Shrines of Lizul

Players

Clockwork

  • Race: Zerg Zerg
  • League: Diamond
  • Spawn Location: 9:00

phtzer

  • Race: Protoss Protoss
  • League: Diamond
  • Spawn Location: 6:00

OpuS - Winner!

  • Race: Protoss Protoss
  • League: Platinum
  • Spawn Location: 3:00

Sketchaphone - Winner!

  • Race: Zerg Zerg
  • League: Platinum
  • Spawn Location: 12:00

VOD

Have the link to the VOD?

Description

Time

  • Played on: Feb. 15, 2019, 9:58 p.m.
  • Length: 9:04
Show
View Real Time Build Order
Export as new Build Order

Clockwork Zerg 

Build Orders: Pool First 

Get SALT Encoding   

  12  0:01  Drone  
  13  0:15  Overlord  
  13  0:18  Drone  
  14  0:34  Drone x2  
  16  0:41  Drone  
  17  0:50  Extractor  
  17  0:54  Drone  
  17  0:58  Spawning Pool  
  17  0:59  Drone  
  17  1:25  Drone x2  
  19  1:27  Hatchery  
  19  1:32  Drone  
  19  1:46  Queen  
  19  1:51  Zergling x2  
  19  1:52  Metabolic Boost  
  22  2:06  Roach Warren  
  22  2:08  Drone  
  22  2:28  Overlord x2  
  22  2:52  Roach  
  22  2:53  Roach x4  
  22  2:57  Roach x2  
  36  3:11  Zergling x6  
  38  3:35  Roach x3  
  38  3:37  Overlord x2  
  42  4:07  Roach x4  
  42  4:08  Zergling x4  
  50  4:14  Zergling x6  
  40  4:25  Drone x2  
  40  4:48  Drone x4  
  40  4:49  Queen  
  40  4:50  Drone  
  47  4:59  Drone  
  49  5:00  Drone x3  
  49  5:03  Drone  
  50  5:34  Drone x8  
  58  5:40  Extractor  
  58  5:41  Overlord  
  57  5:46  Lair  
  57  5:53  Evolution Chamber  
  56  5:58  Extractor  
  56  5:59  Burrow  
  54  6:27  Roach  
  54  6:28  Roach x2, Hatchery  
  54  6:29  Overlord x4  
  59  6:36  Drone  
  60  6:40  Zerg Missile Weapons Level 1  
  60  6:45  Glial Reconstitution  
  60  6:51  Roach  
  60  6:52  Roach x4  
  60  6:54  Roach  
  72  6:57  Roach  
  69  7:09  Roach x4  
  69  7:13  Roach  
  52  7:24  Roach x3  
  56  7:35  Roach x3  
  49  7:37  Roach  
  49  7:42  Roach  
  49  7:43  Roach  
  49  7:44  Drone x3  
  49  7:53  Queen  
  51  8:03  Roach x2  
  50  8:19  Roach x3  
Show
View Real Time Build Order
Export as new Build Order

phtzer Protoss 

Build Orders: Double Forge, Forge Fast Expand (FFE) 

Get SALT Encoding   

  12  0:00  Probe  
  13  0:13  Probe  
  14  0:18  Pylon  
  14  0:25  Probe  
  15  0:37  Probe  
  16  0:45  Pylon  
  16  0:48  Probe  
  17  0:51  Forge  
  17  0:56  Probe  
  18  1:13  Gateway  
  18  1:24  Nexus  
  18  1:37  Probe  
  18  1:39  Assimilator  
  19  1:44  Assimilator  
  19  1:47  Probe  
  19  1:48  Pylon  
  20  1:55  Probe  
  21  2:01  Cybernetics Core  
  21  2:06  Probe  
  21  2:10  Zealot  
  24  2:18  Probe  
  24  2:22  Pylon  
  25  2:37  Gateway  
  25  2:41  Probe  
  25  2:44  Probe  
  27  2:52  Probe  
  27  2:53  Probe  
  29  2:59  Gateway  
  26  3:23  Warp Gate  
  26  3:26  Forge  
  23  3:28  Probe  
  23  3:34  Assimilator  
  24  3:37  Assimilator  
  24  3:40  Probe  
  24  3:46  Pylon  
  23  3:52  Probe, Stargate  
  23  3:53  Stargate  
  23  3:58  Probe  
  23  4:00  Probe  
  26  4:13  Photon Cannon  
  26  4:19  Probe x2  
  28  4:33  Zealot  
  28  4:36  Oracle  
  33  4:41  Probe  
  33  4:45  Probe  
  35  4:47  Oracle  
  35  4:49  Probe  
  35  4:58  Probe  
  40  5:01  Probe  
  37  5:26  Probe  
  38  5:33  Probe  
  38  5:35  Probe  
  39  5:42  Probe  
  40  5:43  Probe  
  40  5:49  Oracle  
  42  5:50  Probe  
  42  5:52  Probe  
  42  5:54  Oracle  
  50  6:06  Probe x2  
  52  6:32  Pylon  
  52  6:35  Pylon  
  52  6:38  Photon Cannon  
  52  6:40  Oracle x2  
  52  6:41  Pylon  
  52  6:46  Probe x2  
  57  7:18  Oracle  
  57  7:21  Oracle  
  63  7:47  Oracle  
  63  7:57  Gateway  
  63  7:58  Oracle, Gateway  
  66  8:02  Gateway x2  
  69  8:07  Gateway  
  69  8:08  Gateway  
  69  8:10  Gateway  
  63  8:13  Photon Cannon  
  63  8:14  Twilight Council  
  55  8:22  Oracle  
Show
View Real Time Build Order
Export as new Build Order

OpuS Protoss - Winner!

Build Orders:  

Get SALT Encoding   

  12  0:00  Probe  
  13  0:13  Probe  
  14  0:21  Pylon  
  14  0:27  Probe  
  15  0:32  Pylon  
  15  0:47  Gateway  
  15  1:04  Gateway  
  15  1:08  Probe  
  16  1:17  Probe  
  16  1:25  Probe  
  17  1:28  Zealot  
  19  1:46  Cybernetics Core  
  19  1:51  Zealot  
  21  1:54  Zealot  
  23  2:01  Pylon  
  23  2:04  Probe  
  24  2:37  Nexus  
  22  3:35  Probe  
  23  3:43  Assimilator  
  23  3:51  Probe  
  24  4:10  Pylon  
  24  4:12  Probe x2  
  25  4:25  Probe  
  25  4:27  Probe  
  27  4:37  Assimilator  
  27  4:38  Probe  
  28  4:49  Probe  
  28  4:50  Probe  
  30  4:58  Stalker  
  30  4:59  Probe  
  32  5:03  Probe  
  34  5:11  Probe  
  34  5:13  Stalker  
  36  5:15  Probe  
  38  5:23  Probe  
  38  5:27  Probe  
  38  5:28  Gateway  
  40  5:36  Stalker  
  40  5:38  Probe  
  40  5:42  Warp Gate  
  43  5:44  Gateway  
  43  5:48  Probe  
  44  5:56  Pylon  
  44  5:59  Pylon  
  44  6:01  Probe x2  
  44  6:03  Stalker  
  46  6:06  Stalker  
  50  6:24  Probe, Stargate  
  52  6:25  Probe  
  52  6:31  Pylon  
  52  6:36  Probe  
  52  6:37  Probe  
  54  6:46  Pylon  
  54  6:48  Probe  
  54  6:50  Probe  
  56  7:00  Probe  
  57  7:02  Probe, Assimilator  
  57  7:03  Oracle  
  57  7:04  Assimilator  
  58  7:12  Probe  
  58  7:14  Probe, Shield Battery  
  47  7:30  Shield Battery  
  47  7:32  Stalker x2  
  47  7:33  Stalker x2  
  55  7:43  Twilight Council  
  55  7:56  Void Ray  
  55  7:58  Zealot x3  
  63  7:59  Zealot  
  63  8:05  Pylon  
  67  8:07  Pylon  
  67  8:18  Stalker  
  67  8:19  Stalker x2  
  67  8:34  Probe x2  
  69  8:46  Probe  
  74  8:52  Gateway  
  74  8:56  Gateway  
  74  8:58  Gateway  
  74  8:59  Gateway  
Show
View Real Time Build Order
Export as new Build Order

Sketchaphone Zerg - Winner!

Build Orders: Pool First 

Get SALT Encoding   

  12  0:02  Drone  
  13  0:11  Drone  
  14  0:29  Spawning Pool  
  14  0:30  Drone  
  14  0:38  Overlord  
  14  0:44  Extractor  
  14  0:45  Drone  
  14  0:57  Drone x2  
  16  1:02  Drone  
  17  1:13  Drone  
  17  1:15  Queen  
  20  1:26  Zergling x2  
  21  1:34  Overlord  
  21  1:48  Metabolic Boost  
  21  1:49  Zergling x2  
  22  1:57  Zergling x2  
  23  2:07  Zergling x2  
  24  2:18  Zergling x2  
  25  2:28  Zergling x2  
  26  2:30  Hatchery  
  25  2:37  Zergling x2  
  25  2:40  Drone  
  27  2:47  Overlord  
  27  2:53  Zergling x2, Hatchery  
  27  3:19  Zergling x10  
  32  3:25  Evolution Chamber  
  29  3:48  Zergling x6  
  30  3:55  Zergling x8  
  30  3:59  Zerg Melee Weapons Level 1  
  31  4:20  Baneling Nest, Zergling x14  
  37  4:26  Drone  
  35  4:40  Drone x4  
  35  4:43  Drone  
  40  4:49  Drone x2  
  42  4:53  Drone  
  42  5:25  Zergling x16  
  42  5:28  Overlord  
  49  5:29  Overlord  
  49  5:30  Overlord  
  48  5:37  Drone  
  48  5:38  Drone  
  48  5:40  Overlord  
  50  5:44  Overlord  
  50  5:49  Baneling  
  50  5:50  Baneling x4  
  50  5:51  Baneling  
  50  6:04  Pneumatized Carapace  
  50  6:06  Zergling x8  
  50  6:07  Zergling x2  
  55  6:12  Drone x2  
  55  6:17  Zergling x4  
  58  6:28  Zergling x10  
  58  6:30  Drone  
  64  6:44  Zergling x14  
  71  6:48  Lair  
  71  6:51  Drone  
  72  6:57  Drone x2  
  70  7:18  Zergling x18  
  74  7:29  Zergling x6  
  73  7:32  Queen  
  73  7:33  Queen  
  73  7:35  Zergling x4  
  73  7:36  Spore Crawler  
  75  7:37  Spore Crawler  
  75  7:38  Spore Crawler  
  75  7:40  Spore Crawler  
  75  7:43  Drone  
  65  7:53  Zergling x6  
  67  8:01  Zergling x6  
  66  8:14  Overlord  
  66  8:16  Spire, Zergling x6  
  66  8:17  Zergling x2  
  66  8:19  Extractor  
  68  8:20  Drone x2  
Tags
 
Add a new tag
Caveats
  • Supply blocks, unpowered buildings, or Contaminate may cause inaccurate times.
  • Supply counts are checked every 10 seconds.